General information
- name: BNet
- type: Ladder team game (AT/RT)
- host: Battle.net
- saver: iIiketolose
map: Dragonblight
- players: 6
- length: 75:30
- speed: Fast
- version: 1.24 W3XP
- replay type: Public
» download(477 KB)
Players
team 1 (loser)

»
hanrykof (
yellow | 114 APM | 8583 actions | 75:22)
8 Death Knight
3 Death Coil
3 Unholy Aura
1 Animate Dead
1 Death Pact
» actions
| Assign group hotkey | 59 | |
| Basic commands | 49 | |
| Build / train | 69 | |
| Enter build submenu | 31 | |
| Enter hero's abilities submenu | 8 | |
| Remove unit from queue | 9 | |
| Right click | 3399 | |
| Select / deselect | 915 | |
| Select group hotkey | 3913 | |
| Use ability | 131 | |
8583 total
» units
| Acolyte | 5 | |
| Ghoul | 5 | |
| Crypt Fiend | 6 | |
| Obsidian Statue | 7 | |
| Meatwagon | 10 | |
| Goblin Zeppelin | 2 | |
| Gargoyle | 1 | |
36 total
» upgrades
» buildings
| Altar of Darkness | 1 | |
| Crypt | 3 | |
| Ziggurat | 13 | |
| Graveyard | 1 | |
| Tomb of Relics | 1 | |
| Halls of the Dead | 1 | |
| Nerubian Tower | 2 | |
| Slaughterhouse | 3 | |
| Black Citadel | 1 | |
| Spirit Tower | 4 | |
| Necropolis | 1 | |
| Sacrificial Pit | 2 | |
33 total
» build order
00:10 Altar of Darkness
00:15 Crypt
00:18 Ziggurat
00:28 Crypt
01:05 Graveyard
01:25 Ziggurat
02:00 Tomb of Relics
03:18 Halls of the Dead
04:05 Nerubian Tower
04:56 Ziggurat
06:57 Slaughterhouse
07:29 Ziggurat
07:31 Ziggurat
09:24 Crypt
09:26 Black Citadel
11:53 Nerubian Tower
11:55 Nerubian Tower
12:03 Ziggurat
12:05 Ziggurat
14:00 Nerubian Tower
14:12 Spirit Tower
14:13 Spirit Tower
15:18 Ziggurat
15:19 Ziggurat
15:22 Ziggurat
15:25 Ziggurat
16:30 Spirit Tower
16:44 Slaughterhouse
17:52 Spirit Tower
23:13 Necropolis
27:29 Sacrificial Pit
27:59 Sacrificial Pit
28:33 Slaughterhouse
34:18 Ziggurat
34:19 Ziggurat
» items
| Dust of Appearance | 1 | |
| Sacrificial Skull | 1 | |
| Potion of Healing | 1 | |
| Scroll of Town Portal | 1 | |
| Staff of Teleportation | 1 | |
5 total

»
SadaHaru28 (
orange | 64 APM | 4823 actions | 75:18)
9 Death Knight
3 Death Coil
3 Unholy Aura
1 Animate Dead
2 Death Pact
6 Lich
3 Frost Nova
2 Frost Armor
1 Death and Decay
» actions
| Assign group hotkey | 38 | |
| Basic commands | 166 | |
| Build / train | 91 | |
| ESC pressed | 4 | |
| Enter build submenu | 26 | |
| Enter hero's abilities submenu | 17 | |
| Give item / drop item | 5 | |
| Right click | 2594 | |
| Select / deselect | 735 | |
| Select group hotkey | 905 | |
| Use ability | 242 | |
4823 total
» units
| Acolyte | 22 | |
| Ghoul | 3 | |
| Crypt Fiend | 7 | |
| Obsidian Statue | 2 | |
| Frost Wyrm | 9 | |
| Goblin Zeppelin | 2 | |
45 total
» upgrades
| Web | 1 | |
| Creature Attack | 2 | |
| Destroyer Form | 1 | |
| Freezing Breath | 1 | |
| Creature Carapace | 1 | |
6 total
» buildings
| Crypt | 1 | |
| Ziggurat | 9 | |
| Altar of Darkness | 1 | |
| Graveyard | 1 | |
| Tomb of Relics | 1 | |
| Halls of the Dead | 4 | |
| Sacrificial Pit | 2 | |
| Slaughterhouse | 1 | |
| Nerubian Tower | 2 | |
| Black Citadel | 2 | |
| Boneyard | 5 | |
| Spirit Tower | 3 | |
| Necropolis | 1 | |
33 total
» build order
00:34 Crypt
00:37 Ziggurat
00:45 Altar of Darkness
01:10 Graveyard
01:15 Ziggurat
01:57 Tomb of Relics
03:02 Halls of the Dead
03:51 Ziggurat
05:30 Ziggurat
05:48 Sacrificial Pit
05:50 Slaughterhouse
06:38 Nerubian Tower
06:48 Black Citadel
10:14 Boneyard
10:15 Boneyard
10:16 Boneyard
12:13 Ziggurat
12:14 Ziggurat
12:16 Ziggurat
12:20 Ziggurat
12:23 Ziggurat
13:22 Spirit Tower
13:23 Spirit Tower
13:27 Spirit Tower
19:01 Necropolis
22:38 Halls of the Dead
40:31 Sacrificial Pit
43:13 Boneyard
43:15 Boneyard
» items
| Rod of Necromancy | 2 | |
| Dust of Appearance | 1 | |
| Orb of Corruption | 1 | |
4 total
satanhuang (
red | 39 APM | 2972 actions | 75:15)
5 Keeper of the Grove
3 Entangling Roots
2 Thorns Aura
3 Priestess of the Moon
2 Trueshot Aura
1 Searing Arrows
» actions
| Assign group hotkey | 58 | |
| Basic commands | 123 | |
| Build / train | 107 | |
| ESC pressed | 5 | |
| Enter build submenu | 39 | |
| Enter hero's abilities submenu | 7 | |
| Give item / drop item | 1 | |
| Remove unit from queue | 4 | |
| Right click | 1016 | |
| Select / deselect | 725 | |
| Select group hotkey | 805 | |
| Use ability | 82 | |
2972 total
» units
| Wisp | 34 | |
| Huntress | 4 | |
| Druid of the Claw | 7 | |
| Glaive Thrower | 3 | |
| Goblin Zeppelin | 1 | |
| Chimaera | 31 | |
80 total
» upgrades
| Druid of the Claw Training | 2 | |
| Mark of the Claw | 1 | |
| Sentinel | 1 | |
| Strength of the Wild | 3 | |
| Reinforced Hides | 3 | |
| Corrosive Breath | 1 | |
11 total
» buildings
| Altar of Elders | 1 | |
| Moon Well | 9 | |
| Ancient of War | 1 | |
| Hunter's Hall | 1 | |
| Tree of Ages | 1 | |
| Tree of Eternity | 1 | |
| Ancient of Lore | 3 | |
| Ancient of Wonders | 1 | |
| Ancient Protector | 9 | |
| Tree of Life | 2 | |
| Ancient of Wind | 1 | |
| Chimaera Roost | 2 | |
32 total
» build order
00:02 Altar of Elders
00:18 Moon Well
01:35 Ancient of War
01:48 Hunter's Hall
01:56 Moon Well
02:47 Tree of Ages
03:33 Moon Well
03:43 Moon Well
05:12 Tree of Eternity
05:18 Ancient of Lore
05:35 Ancient of Lore
05:55 Ancient of Lore
06:19 Moon Well
07:29 Moon Well
08:27 Ancient of Wonders
12:00 Ancient Protector
12:03 Ancient Protector
12:07 Ancient Protector
12:31 Moon Well
13:22 Ancient Protector
13:57 Tree of Life
15:45 Ancient Protector
15:47 Ancient Protector
17:15 Ancient Protector
17:19 Ancient Protector
17:34 Ancient Protector
19:57 Ancient of Wind
20:47 Moon Well
20:49 Moon Well
21:50 Chimaera Roost
21:51 Chimaera Roost
26:27 Tree of Life
team 2 (winner)
FeD. (
teal | 83 APM | 6287 actions | 75:23)
7 Blademaster
3 Wind Walk
3 Critical Strike
1 Bladestorm
» actions
| Assign group hotkey | 23 | |
| Basic commands | 16 | |
| Build / train | 78 | |
| ESC pressed | 21 | |
| Enter build submenu | 54 | |
| Enter hero's abilities submenu | 7 | |
| Right click | 4894 | |
| Select / deselect | 347 | |
| Select group hotkey | 369 | |
| Use ability | 478 | |
6287 total
» units
| Peon | 14 | |
| Troll Batrider | 21 | |
| Goblin Sapper | 1 | |
| Goblin Zeppelin | 1 | |
37 total
» upgrades
| Ranged Weapons | 3 | |
| Liquid Fire | 1 | |
| Reinforced Defenses | 1 | |
5 total
» buildings
| Orc Burrow | 6 | |
| Altar of Storms | 2 | |
| War Mill | 2 | |
| Barracks | 1 | |
| Voodoo Lounge | 3 | |
| Watch Tower | 27 | |
| Stronghold | 1 | |
| Fortress | 2 | |
| Beastiary | 3 | |
| Great Hall | 1 | |
48 total
» build order
00:04 Orc Burrow
00:09 Altar of Storms
00:54 War Mill
01:30 Barracks
01:37 Voodoo Lounge
02:11 Watch Tower
02:26 Watch Tower
02:35 Orc Burrow
03:19 Watch Tower
03:43 Watch Tower
03:45 Watch Tower
05:14 Watch Tower
05:27 Watch Tower
05:29 Stronghold
06:20 Watch Tower
06:26 Orc Burrow
06:33 Watch Tower
07:00 Watch Tower
07:02 Watch Tower
07:19 Orc Burrow
08:07 Fortress
08:07 Fortress
08:13 Beastiary
08:14 Beastiary
08:34 Watch Tower
08:41 Watch Tower
09:39 Voodoo Lounge
09:48 Voodoo Lounge
09:53 Watch Tower
10:20 Watch Tower
12:13 Watch Tower
13:33 Watch Tower
14:41 Watch Tower
16:56 Watch Tower
16:57 Watch Tower
19:54 Watch Tower
19:59 Watch Tower
20:37 Watch Tower
20:39 Watch Tower
21:46 Beastiary
22:12 Watch Tower
22:13 War Mill
22:16 Watch Tower
22:18 Watch Tower
23:37 Altar of Storms
24:01 Orc Burrow
26:15 Great Hall
28:18 Orc Burrow
» items
| Lesser Clarity Potion | 14 | |
| Healing Salve | 4 | |
| Orb of Lightning | 1 | |
| Boots of Speed | 1 | |
| Staff of Teleportation | 1 | |
| Scroll of Regeneration | 1 | |
22 total
iIiketolose (
green | 78 APM | 5876 actions | 75:30)
6 Archmage
3 Blizzard
2 Brilliance Aura
1 Mass Teleport
7 Paladin
3 Holy Light
3 Divine Shield
1 Devotion Aura
7 Mountain King
3 Storm Bolt
3 Bash
1 Avatar
» actions
| Assign group hotkey | 5 | |
| Basic commands | 8 | |
| Build / train | 119 | |
| Enter build submenu | 68 | |
| Enter hero's abilities submenu | 22 | |
| Give item / drop item | 4 | |
| Right click | 3843 | |
| Select / deselect | 815 | |
| Select group hotkey | 558 | |
| Use ability | 434 | |
5876 total
» units
| Peasant | 16 | |
| Dragonhawk Rider | 3 | |
| Sorceress | 1 | |
| Priest | 2 | |
| Blue Dragon | 1 | |
23 total
» upgrades
| Masonry | 3 | |
| Lumber Harvesting | 2 | |
| Magic Sentry | 1 | |
| Sorceress Training | 1 | |
| Priest Training | 1 | |
| Cloud | 1 | |
9 total
» buildings
| Altar of Kings | 1 | |
| Farm | 10 | |
| Lumber Mill | 2 | |
| Scout Tower | 66 | |
| Arcane Tower | 6 | |
| Guard Tower | 30 | |
| Keep | 1 | |
| Arcane Vault | 1 | |
| Town Hall | 3 | |
| Castle | 1 | |
| Arcane Sanctum | 1 | |
| Gryphon Aviary | 1 | |
123 total
» build order
00:06 Altar of Kings
00:18 Farm
00:51 Farm
01:04 Lumber Mill
01:28 Scout Tower
01:56 Scout Tower
02:03 Arcane Tower
02:15 Scout Tower
02:33 Arcane Tower
02:44 Scout Tower
02:46 Scout Tower
02:48 Guard Tower
03:10 Scout Tower
03:12 Scout Tower
03:13 Scout Tower
03:23 Guard Tower
03:40 Guard Tower
03:49 Guard Tower
03:51 Scout Tower
03:53 Scout Tower
03:55 Keep
04:14 Guard Tower
04:47 Guard Tower
04:49 Arcane Vault
04:50 Scout Tower
05:01 Farm
05:20 Guard Tower
05:21 Scout Tower
05:32 Scout Tower
05:33 Scout Tower
05:47 Farm
05:56 Guard Tower
05:59 Scout Tower
06:00 Scout Tower
06:17 Guard Tower
06:42 Scout Tower
06:45 Arcane Tower
07:12 Guard Tower
07:14 Scout Tower
07:21 Guard Tower
07:24 Scout Tower
07:54 Scout Tower
08:22 Guard Tower
09:19 Guard Tower
10:16 Town Hall
10:26 Town Hall
10:35 Castle
10:42 Arcane Sanctum
10:44 Gryphon Aviary
11:51 Scout Tower
11:51 Scout Tower
11:52 Scout Tower
11:52 Scout Tower
12:30 Scout Tower
12:32 Scout Tower
12:50 Guard Tower
13:05 Guard Tower
13:07 Scout Tower
13:17 Arcane Tower
13:44 Arcane Tower
13:52 Scout Tower
13:54 Scout Tower
14:01 Scout Tower
14:02 Scout Tower
14:03 Scout Tower
14:04 Scout Tower
14:04 Scout Tower
14:24 Guard Tower
14:25 Scout Tower
14:26 Scout Tower
14:26 Scout Tower
15:19 Guard Tower
17:06 Guard Tower
17:11 Guard Tower
21:27 Scout Tower
21:28 Scout Tower
21:29 Scout Tower
21:29 Scout Tower
21:30 Scout Tower
21:30 Scout Tower
21:57 Guard Tower
22:03 Scout Tower
22:05 Scout Tower
22:05 Scout Tower
22:06 Scout Tower
22:30 Guard Tower
22:31 Scout Tower
22:41 Guard Tower
22:49 Guard Tower
22:53 Scout Tower
22:55 Scout Tower
22:57 Guard Tower
23:26 Guard Tower
24:23 Guard Tower
24:30 Scout Tower
25:48 Guard Tower
27:58 Town Hall
28:06 Farm
28:07 Farm
28:08 Farm
28:09 Farm
28:10 Farm
28:12 Farm
43:29 Scout Tower
43:30 Scout Tower
43:31 Scout Tower
43:32 Scout Tower
43:33 Scout Tower
43:33 Scout Tower
43:34 Scout Tower
44:09 Lumber Mill
45:24 Scout Tower
45:29 Scout Tower
45:29 Scout Tower
46:36 Guard Tower
46:39 Scout Tower
46:40 Scout Tower
46:41 Scout Tower
46:42 Scout Tower
46:43 Scout Tower
47:14 Guard Tower
55:40 Guard Tower
» items
| Boots of Speed | 3 | |
| Staff of Teleportation | 3 | |
| Healing Salve | 3 | |
| Orb of Lightning | 3 | |
| Staff of Sanctuary | 3 | |
| Lesser Clarity Potion | 4 | |
| Potion of Mana | 1 | |
| Scroll of Regeneration | 3 | |
23 total
Luthor2k (
purple | 38 APM | 2868 actions | 75:23)
4 Archmage
2 Blizzard
2 Summon Water Elemental
5 Blood Mage
2 Flame Strike
2 Banish
1 Siphon Mana
1 Goblin Tinker
1 Cluster Rockets
» actions
| Assign group hotkey | 9 | |
| Basic commands | 36 | |
| Build / train | 151 | |
| Enter build submenu | 98 | |
| Enter hero's abilities submenu | 10 | |
| Give item / drop item | 1 | |
| Right click | 1388 | |
| Select / deselect | 626 | |
| Select group hotkey | 204 | |
| Use ability | 341 | |
2868 total
» units
| Peasant | 48 | |
| Priest | 2 | |
| Dragonhawk Rider | 8 | |
| Blue Drake | 1 | |
| Blue Dragon | 2 | |
61 total
» upgrades
| Masonry | 3 | |
| Priest Training | 1 | |
| Storm Hammers | 1 | |
| Lumber Harvesting | 2 | |
| Cloud | 1 | |
8 total
» buildings
| Farm | 19 | |
| Altar of Kings | 4 | |
| Lumber Mill | 6 | |
| Scout Tower | 139 | |
| Arcane Tower | 2 | |
| Guard Tower | 46 | |
| Keep | 2 | |
| Arcane Vault | 2 | |
| Castle | 2 | |
| Blacksmith | 2 | |
| Arcane Sanctum | 2 | |
| Gryphon Aviary | 5 | |
| Town Hall | 7 | |
238 total
» build order
00:10 Farm
00:16 Altar of Kings
00:46 Farm
01:17 Lumber Mill
01:39 Scout Tower
02:06 Scout Tower
02:07 Scout Tower
02:09 Scout Tower
02:22 Arcane Tower
02:38 Farm
02:45 Scout Tower
02:57 Guard Tower
02:58 Guard Tower
03:24 Scout Tower
03:25 Guard Tower
03:48 Scout Tower
04:04 Keep
04:10 Farm
04:27 Guard Tower
04:33 Scout Tower
04:38 Scout Tower
04:42 Guard Tower
05:27 Scout Tower
05:29 Scout Tower
05:32 Guard Tower
06:00 Scout Tower
06:02 Scout Tower
06:03 Guard Tower
06:39 Guard Tower
06:59 Scout Tower
07:00 Scout Tower
07:41 Scout Tower
07:43 Scout Tower
07:47 Scout Tower
07:49 Scout Tower
07:50 Scout Tower
08:02 Scout Tower
08:03 Scout Tower
08:07 Scout Tower
08:08 Scout Tower
08:30 Guard Tower
08:40 Arcane Vault
09:10 Scout Tower
09:12 Guard Tower
10:08 Guard Tower
10:13 Scout Tower
10:44 Scout Tower
10:45 Scout Tower
10:45 Scout Tower
10:46 Scout Tower
10:47 Scout Tower
10:48 Scout Tower
10:55 Castle
11:03 Blacksmith
11:10 Arcane Sanctum
11:36 Scout Tower
11:37 Scout Tower
11:42 Scout Tower
11:44 Scout Tower
11:45 Scout Tower
11:49 Guard Tower
11:57 Scout Tower
12:29 Gryphon Aviary
12:37 Guard Tower
13:09 Guard Tower
13:47 Guard Tower
14:16 Town Hall
14:30 Scout Tower
14:31 Scout Tower
14:32 Scout Tower
15:13 Guard Tower
15:20 Scout Tower
15:24 Scout Tower
15:25 Scout Tower
15:41 Guard Tower
18:23 Guard Tower
18:28 Guard Tower
20:13 Farm
20:13 Farm
20:17 Farm
21:31 Scout Tower
21:34 Scout Tower
21:34 Scout Tower
21:37 Scout Tower
21:38 Scout Tower
22:04 Farm
22:05 Farm
22:28 Altar of Kings
22:48 Lumber Mill
23:10 Town Hall
23:37 Scout Tower
23:38 Scout Tower
23:39 Scout Tower
23:40 Scout Tower
23:52 Scout Tower
24:00 Guard Tower
24:13 Scout Tower
24:16 Scout Tower
24:59 Guard Tower
25:25 Scout Tower
25:31 Scout Tower
25:31 Scout Tower
25:33 Guard Tower
25:36 Guard Tower
25:40 Scout Tower
25:41 Scout Tower
25:42 Scout Tower
28:01 Scout Tower
28:02 Scout Tower
28:03 Scout Tower
28:04 Scout Tower
28:05 Scout Tower
28:06 Scout Tower
28:08 Guard Tower
28:20 Scout Tower
28:20 Scout Tower
28:21 Scout Tower
28:22 Guard Tower
28:51 Town Hall
31:01 Guard Tower
31:09 Guard Tower
32:06 Scout Tower
32:08 Scout Tower
32:08 Scout Tower
32:09 Scout Tower
32:10 Scout Tower
32:10 Scout Tower
33:15 Scout Tower
33:16 Scout Tower
33:17 Scout Tower
33:17 Scout Tower
34:54 Lumber Mill
35:40 Lumber Mill
36:46 Lumber Mill
37:37 Guard Tower
38:25 Lumber Mill
39:01 Scout Tower
39:01 Scout Tower
39:02 Scout Tower
39:02 Scout Tower
39:02 Scout Tower
39:41 Scout Tower
39:42 Scout Tower
39:42 Scout Tower
39:43 Scout Tower
39:44 Scout Tower
39:44 Scout Tower
40:28 Scout Tower
40:30 Scout Tower
40:31 Guard Tower
40:35 Guard Tower
40:43 Guard Tower
41:06 Guard Tower
41:10 Keep
43:02 Town Hall
43:10 Guard Tower
43:47 Castle
43:51 Guard Tower
45:28 Town Hall
45:46 Gryphon Aviary
45:46 Gryphon Aviary
45:51 Farm
45:52 Farm
46:48 Arcane Vault
47:38 Scout Tower
47:38 Scout Tower
49:23 Altar of Kings
49:53 Scout Tower
49:54 Scout Tower
49:55 Scout Tower
49:56 Scout Tower
49:56 Scout Tower
49:57 Scout Tower
50:46 Blacksmith
51:37 Guard Tower
52:10 Scout Tower
52:11 Scout Tower
52:12 Scout Tower
52:13 Scout Tower
52:14 Scout Tower
52:15 Scout Tower
53:24 Guard Tower
54:53 Scout Tower
54:54 Scout Tower
54:55 Scout Tower
54:56 Scout Tower
54:57 Scout Tower
54:58 Scout Tower
54:59 Scout Tower
54:59 Scout Tower
55:00 Scout Tower
55:02 Guard Tower
55:55 Guard Tower
56:05 Guard Tower
56:09 Scout Tower
56:13 Scout Tower
56:14 Scout Tower
56:31 Guard Tower
57:00 Guard Tower
57:03 Scout Tower
57:04 Scout Tower
57:08 Scout Tower
57:09 Scout Tower
57:09 Scout Tower
58:26 Guard Tower
58:30 Altar of Kings
58:42 Guard Tower
58:45 Scout Tower
58:46 Scout Tower
58:46 Scout Tower
58:47 Scout Tower
58:48 Scout Tower
58:48 Scout Tower
58:49 Scout Tower
58:50 Scout Tower
58:51 Scout Tower
58:52 Scout Tower
58:53 Scout Tower
58:54 Scout Tower
58:55 Scout Tower
58:55 Scout Tower
59:01 Guard Tower
61:37 Arcane Sanctum
63:46 Guard Tower
63:50 Gryphon Aviary
63:51 Gryphon Aviary
64:21 Arcane Tower
65:03 Town Hall
67:17 Farm
67:26 Farm
67:27 Farm
67:55 Farm
67:56 Farm
67:56 Farm
68:01 Guard Tower
68:41 Farm
68:43 Farm
71:19 Town Hall
» items
| Boots of Speed | 3 | |
| Periapt of Vitality | 3 | |
| Circlet of Nobility | 3 | |
| Staff of Teleportation | 3 | |
| Orb of Fire | 1 | |
| Staff of Sanctuary | 1 | |
| Potion of Healing | 3 | |
17 total
Chat log
(24:42 / All) hanrykof: it that TD?
(70:38 / All) iIiketolose: hows the gold looking?
(70:51 / All) satanhuang: not sure, i was reading comic
(71:00 / All) SadaHaru28: i enjoy hunt hero
(71:12 / All) iIiketolose: me2
(71:17 / All) hanrykof: I will be late to school tomorrow..
(71:17 / All) iIiketolose: cum fight at our towers
(71:18 / All) FeD.: I ENJOY SUCKING YOUR COCKS!!!!!!!!!!!!!!!!!1
(71:24 / All) FeD.: COCKS!!!!!!!!!!!!!!!!!!!!!!!!!!!!!!!!!!!!!!!!!
(71:28 / All) FeD.: C O C K S ! ! ! ! !
(71:32 / All) hanrykof: TD is fun
(71:35 / All) FeD.: SIX DIRTY DICKS ALL IN A R O W
(71:44 / All) FeD.: YEAH I AM GLAD YOU GUYS ARE ENJOYING THIS VERY GOOD GAME
(71:47 / All) FeD.: I KNOW I AM
(71:49 / All) SadaHaru28: boooom
(71:53 / All) FeD.: LOTS OF FUN!
(71:56 / All) FeD.: U LIKE??
(72:05 / All) hanrykof: ha
(72:06 / All) FeD.: YEA U LIKE???
(72:18 / All) FeD.: LOL U LIKE SUCK COCK!
(72:20 / All) FeD.: SO GAY!!
(72:26 / All) FeD.: LOL HOW U GET SO GEY!!
(75:17 / All) iIiketolose: GG
(75:20 / All) hanrykof: gg